 Dungeon Crawl Stone Soup version 0.30-a0-219-gf2db51d15e (webtiles) character file.

Game seed: 2145530404689170823

4253 bande the Cleaver (level 10, -4/60 HPs)
             Began as a Gargoyle Fighter on Oct 7, 2022.
             Was an Elder of Okawaru.
             Slain by a troll (5 damage)
             ... on level 9 of the Dungeon.
             The game lasted 00:19:43 (8544 turns).

bande the Cleaver (Gargoyle Fighter)                Turns: 8544, Time: 00:19:45

Health: -4/60      AC: 22    Str: 20    XL:     10   Next: 31%
Magic:  14/14      EV:  7    Int:  9    God:    Okawaru [****..]
Gold:   367        SH:  8    Dex: 13    Spells: 9/9 levels left

rFire   . . .      SeeInvis .    s - +0 broad axe (flame)
rCold   . . .      Faith    .    x - +3 warlock's mirror {reflect}
rNeg    + . .      Spirit   .    q - +0 chain mail
rPois   ∞          Reflect  +    h - +1 helmet
rElec   +          Harm     .    D - +0 cloak
rCorr   .          Rampage  .    (no gloves)
Will    .....                    u - +0 pair of boots
Stlth   ..........               (no amulet)
HPRegen 0.30/turn                (no ring)
MPRegen 0.14/turn                (no ring)

@: slowed, very slow
A: sickness immunity, AC +7, negative energy resistance 1, electricity
resistance, torment resistance 1, petrification resistance
a: Renounce Religion, Heroism, Finesse


You were on level 9 of the Dungeon.
You worshipped Okawaru.
Okawaru was greatly pleased with you.
You visited 2 branches of the dungeon, and saw 10 of its levels.

You collected 367 gold pieces.

Inventory:

Hand Weapons
 a - a +1 spectral war axe
 m - a +0 flail of protection
 s - a +0 broad axe of flaming (weapon)
Armour
 c - +0 ice dragon scales
 h - a +1 helmet (worn)
 q - a +0 chain mail (worn)
 u - a +0 pair of boots (worn)
 w - a +0 hat
 x - the +3 warlock's mirror (worn) {reflect}
   (You acquired it on level 6 of the Dungeon)

   It can block and reflect piercing ranged attacks and magical attacks against
   the wielder's willpower.
 D - a +0 cloak (worn)
Jewellery
 e - an amulet of faith
Wands
 r - a wand of polymorph (11)
 y - a wand of quicksilver (11)
Scrolls
 b - 3 scrolls of identify
 j - a scroll of brand weapon
 k - a scroll of amnesia
 l - 4 scrolls of teleportation
 n - 2 scrolls of fog
 p - a scroll of enchant armour
 t - a scroll of fear
 B - a scroll of magic mapping
 C - 2 scrolls of enchant weapon
 E - a scroll of immolation {unknown}
Potions
 d - a potion of might
 f - a potion of resistance
 g - a potion of lignification
 i - a potion of ambrosia
 o - 3 potions of cancellation
 v - 2 potions of heal wounds
 z - 6 potions of curing
 A - 3 potions of attraction {unknown}
 F - a potion of invisibility {unknown}


   Skills:
 + Level 6.3 Fighting
 + Level 8.6 Axes
 + Level 7.0 Armour
 + Level 5.6 Shields
 + Level 0.5 Unarmed Combat
 * Level 5.6 Invocations
 * Level 4.6 Evocations


You had 9 spell levels left.
You didn't know any spells.
Your spell library contained the following spells:

 Spells                   Type           Power      Damage    Failure   Level
 Portal Projectile        Hex/Tloc       0%         N/A       100%        3
 Blade Hands              Tmut           0%         N/A       100%        5
 Storm Form               Tmut/Air       0%         N/A       100%        7
 Maxwell's Capacitive Co  Air            0%         ∞         100%        8
 Tukima's Dance           Hex            Unusable   N/A       N/A         3
 Summon Lightning Spire   Summ/Air       Unusable   N/A       N/A         4

Dungeon Overview and Level Annotations

Branches:
Dungeon (9/15)             Temple (1/1) D:4
   Lair: D:8-11         Orc: D:9-12

Altars:
Ashenzari
Cheibriados
Dithmenos
Elyvilon
Fedhas
Gozag
Hepliaklqana
Kikubaaqudgha
Makhleb
Nemelex Xobeh
Okawaru
Qazlal
Ru
Sif Muna
Trog
Uskayaw
Vehumet
Wu Jian
Xom
Yredelemnul
Zin
The Shining One

Shops:
D:2 (


Innate Abilities, Weirdness & Mutations

You are immune to sickness and miasma.
Your stone body is resilient. (AC +7)
You are immune to poison.
You resist negative energy. (rN+)
You are resistant to electric shocks. (rElec)
You are resistant to unholy torment.
You are immune to petrification.


Message History

The troll bites you but does no damage. The troll barely misses you.
The troll claws you but does no damage. The troll bites you.
You block the troll's attack. The troll claws you but does no damage.
The wraith hits you but does no damage.
You hit the wraith but do no damage.
The wraith is lightly damaged.
You closely miss the troll. You block the troll's attack.
The troll claws you but does no damage. x2
The wraith hits you but does no damage.
You closely miss the wraith.
The wraith is lightly damaged.
You slash the troll! You burn the troll. You block the wraith's attack.
The troll closely misses you. You block the troll's attack.
The troll claws you. The troll bites you. The troll barely misses you.
The troll claws you but does no damage. The wraith hits you but does no damage.
You slash the wraith! You burn the wraith.
The wraith is moderately damaged.
You slash the troll! You burn the troll.
The wraith hits you but does no damage. You block the troll's attack.
The troll claws you! x2
* * * LOW HITPOINT WARNING * * *
The troll bites you but does no damage. The troll barely misses you.
The troll claws you but does no damage. The wraith hits you!
* * * LOW HITPOINT WARNING * * *
The wraith drains your vigour!
You feel as though you will be slow longer.
You hit the wraith. You burn the wraith.
The wraith is heavily damaged.
You slash the troll! You burn the troll.
The wraith hits you but does no damage. The troll bites you.
* * * LOW HITPOINT WARNING * * *
The troll claws you but does no damage. x2; You block the troll's attack. x2
The troll claws you but does no damage. The wraith hits you but does no damage.
You hit the wraith but do no damage.
The wraith is heavily damaged.
You barely miss the troll. The wraith hits you but does no damage.
You block the troll's attack. The troll claws you!
* * * LOW HITPOINT WARNING * * *
The troll claws you.
You die...

##... #.. .....##.#
........## .).......#
.........# ####
.........####..#####
. #....)†........##
....#....)..........#
#...@...........###
###TW.#...........###
#...##............#
#.#.###..#.........
......#........##...
###............##....
.. ..[........#....
.. ................
....>........


You could see a troll and a wraith.

Vanquished Creatures
  A two-headed ogre (D:9)
  6 yaks (D:9)
  3 steam dragons
  An ogre (D:5)
  2 centaurs
  A phantom (D:6)
  2 kobold brigands
  A necrophage (D:7)
  A bullfrog (D:7)
  2 scorpions
  10 wights (D:8)
  6 killer bees
  5 hounds
  2 orc priests
  2 jellies
  A gnoll bouda (D:5)
  3 iguanas
  2 orc wizards
  Robin (D:3)
  18 gnolls
  9 adders
  An ufetubus (D:5)
  A worm (D:3)
  6 dart slugs
  6 orcs
  7 ball pythons
  7 bats
  8 endoplasms
  4 giant cockroaches
  16 goblins
  10 hobgoblins
  2 jackals (D:3)
  7 quokkas
  A frilled lizard (D:2)
  15 kobolds
  5 rats
175 creatures vanquished.

Vanquished Creatures (others)
  A wyvern (D:8)
  3 plants (D:1)
4 creatures vanquished.

Grand Total: 179 creatures vanquished

Notes
Turn   | Place    | Note
-------+----------+-------------------------------------------
     0 | D:1      | bande the Gargoyle Fighter began the quest for the Orb.
     0 | D:1      | Reached XP level 1. HP: 14/14 MP: 1/1
   282 | D:1      | Reached XP level 2. HP: 19/19 MP: 2/2
   389 | D:1      | Found a faded altar of an unknown god.
   418 | D:1      | Reached skill level 2 in Axes
   454 | D:1      | Reached XP level 3. HP: 23/24 MP: 3/3
   763 | D:2      | Reached XP level 4. HP: 24/29 MP: 4/4
   766 | D:2      | Reached skill level 3 in Axes
   932 | D:2      | Reached XP level 5. HP: 32/33 MP: 5/5
  1034 | D:2      | Found Agiasayl's Antique Weapon Boutique.
  1160 | D:2      | Reached skill level 4 in Axes
  1628 | D:3      | Noticed Robin
  1651 | D:3      | Killed Robin
  1652 | D:3      | Reached XP level 6. HP: 26/38 MP: 6/6
  2030 | D:3      | Reached skill level 5 in Axes
  2519 | D:4      | Found a staircase to the Ecumenical Temple.
  2695 | Temple   | Entered the Ecumenical Temple
  2785 | Temple   | Became a worshipper of Warmaster Okawaru
  2837 | D:4      | Reached XP level 7. HP: 43/43 MP: 7/7
  2878 | D:4      | Reached skill level 1 in Invocations
  2957 | D:4      | Reached skill level 1 in Evocations
  3330 | D:5      | Entered Level 5 of the Dungeon
  3674 | D:5      | Identified the +8 dagger of Feasepp {vamp, rElec rC+ rCorr}
  4290 | D:5      | Reached skill level 6 in Axes
  4474 | D:5      | Reached XP level 8. HP: 48/48 MP: 9/9
  4629 | D:5      | Reached skill level 5 in Armour
  5079 | D:6      | Reached * piety under Okawaru
  5494 | D:6      | Reached skill level 5 in Fighting
  6123 | D:6      | Identified a scroll of acquirement
  6123 | D:6      | Acquired the +3 warlock's mirror {reflect}
  6123 | D:6      | Found the +3 warlock's mirror {reflect}
  6533 | D:7      | Reached skill level 7 in Axes
  6533 | D:7      | Reached XP level 9. HP: 51/54 MP: 11/11
  6578 | D:7      | Reached ** piety under Okawaru
  7129 | D:8      | Found a snail-covered altar of Cheibriados.
  7321 | D:8      | Reached skill level 5 in Shields
  8190 | D:9      | Reached *** piety under Okawaru
  8191 | D:9      | Reached skill level 8 in Axes
  8191 | D:9      | Reached skill level 5 in Invocations
  8362 | D:9      | Noticed a two-headed ogre
  8363 | D:9      | Reached XP level 10. HP: 45/60 MP: 13/13
  8373 | D:9      | Killed a two-headed ogre
  8373 | D:9      | Reached **** piety under Okawaru
  8544 | D:9      | HP: 1/60 [troll (7)]
  8544 | D:9      | Slain by a troll

Illustrated notes

Levels and vault maps discovered:
D:1:      evilmike_arrival_plus, layout_rooms, dreamdust_ecumenical_altar_grove,
          serial_park_tiny_1, minmay_shallow_snake_nest
D:2:      layout_rooms, serial_shops, nicolae_shop_trees, minmay_small_reverse_x
D:3:      layout_loops_corners, minmay_hedge_maze,
          chequers_serial_rivers_micro_b, nrook_campfire, uniq_robin,
          uniq_crazy_yiuf_cottage
D:4:      layout_rooms, minmay_temple_entry_proselytizer
D:5:      layout_gridville, minmay_misc_feat_cross
D:6:      layout_basic
D:7:      layout_basic, minmay_fractal_squares_gapless_5
D:8:      layout_basic, kennysheep_slug_shrine
D:9:      layout_cave_pools, david_lair_generic
Temple:   regret_index_temple_sigil_plot

Skill      XL: |  1  2  3  4  5  6  7  8  9 10 |
---------------+-------------------------------+-----
Axes           | 2 3 4 5 6 7 8 |  8.6
Armour         | 4 5 6 7 |  7.0
Fighting       | 4 5 6 |  6.3
Invocations    | 2 3 5 |  5.6
Evocations     | 1 3 4 |  4.6
Shields        | 4 5 |  5.6
Unarmed Combat | |  0.5

Action                   |  1- 3 |  4- 6 |  7- 9 | 10-12 || total
-------------------------+-------+-------+-------+-------++-------
Melee: War axe           |    65 |   142 |       |       ||   207
       Broad axe         |       |    33 |   301 |    20 ||   354
       Unarmed           |       |     3 |       |       ||     3
  Use: Scroll            |     3 |     3 |     8 |       ||    14
       Potion            |       |       |     5 |       ||     5
Armor: Scale mail        |    49 |   117 |   123 |       ||   289
       Chain mail        |       |       |   151 |    44 ||   195
       Skin              |       |       |    12 |       ||    12
Dodge: Dodged            |    47 |   104 |   210 |    13 ||   374
Block: Buckler           |    20 |    34 |   133 |    25 ||   212
       Reflection        |       |       |     2 |       ||     2

Table legend: (Time is in decaauts)
 A = Elapsed time spent in this place.
 B = Non-inter-level travel time spent in this place.
 C = Inter-level travel time spent in this place.
 D = Time resting spent in this place.
 E = Time spent auto-exploring this place.
 F = Levels seen in this place.
 G = Mean time per level.
                   A        B        C        D        E       F      G
               +--------+--------+--------+--------+--------+-----+--------+
         Total |   8731 |   8695 |     36 |   1986 |   4935 |  10 |  873.1 |
       Dungeon |   8628 |   8604 |     24 |   1986 |   4874 |   9 |  958.7 |
        Temple |    102 |     90 |     12 |      0 |     61 |   1 |  102.0 |
               +--------+--------+--------+--------+--------+-----+--------+

Top non-repeatable levels by time:
     D:6: 1589 daAuts
     D:8: 1514 daAuts
     D:5: 1426 daAuts
     D:3: 1230 daAuts
     D:1: 826 daAuts
     D:4: 788 daAuts
     D:7: 486 daAuts
     D:2: 481 daAuts
     D:9: 285 daAuts
  Temple: 102 daAuts
